 Dungeon Crawl Stone Soup version 0.26.1-10-gdfb7c7de75 (webtiles) character file.

Game seed: 4446451242816031729

418217 RoadToAsh the Hoplite (level 22, 0/167 HPs)
             Began as a Minotaur Wanderer on Apr 3, 2021.
             Was an Elder of Qazlal.
             Killed from afar by an acid blob (6 damage)
             ... with a splash of acid
             ... created by the Royal Jelly
             ... on level 3 of the Pits of Slime on Apr 4, 2021.
             The game lasted 02:05:04 (62864 turns).

RoadToAsh the Hoplite (Minotaur Wanderer)          Turns: 62864, Time: 02:05:05

Health: 0/167      AC: 13    Str: 26      XL:     22   Next: 60%
Magic:  23/33      EV: 26    Int:  5 (7)  God:    Qazlal [****..]
Gold:   3585       SH: 32    Dex: 16      Spells: 21/21 levels left

rFire    + . .     SeeInvis .   V - +6 demon trident (drain)
rCold    + . .     Faith    .   I - +0 tower shield
rNeg     . . .     Spirit   .   R - +7 gold dragon scales
rPois    +         Reflect  .   (helmet restricted)
rElec    .         Harm     .   P - +2 cloak
rCorr    +         Rampage  .   p - +1 pair of gloves {Dex+3}
Will     ++...                  m - +4 pair of boots of Springtime {Dex+4}
Stlth    ..........             E - amulet of the acrobat
HPRegen  0.37/turn              t - ring of resist corrosion
MPRegen  0.23/turn              w - ring of willpower

@: corroded, acrobat, repel missiles
A: retaliatory headbutt, horns 2, clumsy 1, deformed body, deterioration 1,
frail 2, weak 1, MP-powered wands
}: 2/15 runes: decaying, gossamer
a: Renounce Religion, Upheaval, Elemental Force


You were on level 3 of the Pits of Slime.
You worshipped Qazlal.
Qazlal was greatly pleased with you.
You visited 7 branches of the dungeon, and saw 41 of its levels.
You also visited: Ossuary and Ice Cave.

You collected 4099 gold pieces.
You spent 514 gold pieces at shops.

Inventory:

Hand Weapons
 e - the +5 trident of Woe {vorpal, rC+}
   (You found it on level 3 of the Lair of Beasts)

   It inflicts extra damage upon your enemies.
   It protects you from cold.
 V - a +6 demon trident of draining (weapon)
Missiles
 x - 82 poisoned darts (quivered)
 A - 5 atropa-tipped darts
 W - 14 silver boomerangs
Armour
 m - the +4 pair of boots of Springtime (worn) {Dex+4}
   (You acquired it on level 4 of the Lair of Beasts)

   It affects your dexterity (+4).
 p - a +1 pair of gloves of dexterity (worn)
 I - a +0 tower shield (worn)
 P - a +2 cloak (worn)
 R - +7 gold dragon scales (worn)
 Y - a +2 chain mail of willpower
Jewellery
 b - an uncursed ring of protection from fire
 k - an uncursed ring of fire
 o - an uncursed ring of positive energy
 q - an uncursed ring of see invisible
 t - a ring of resist corrosion (left hand)
 u - a +4 ring of evasion
 w - a ring of willpower (right hand)
 y - an uncursed amulet of regeneration
 D - an uncursed amulet of reflection
 E - an amulet of the acrobat (around neck)
 G - an uncursed ring of protection from fire
 J - the ring "Qopsyqot" {rPois Dex+5}
   (You bought it in a shop on level 12 of the Dungeon)

   [ring of poison resistance]

   It affects your dexterity (+5).
   It protects you from poison.
Wands
 n - a wand of iceblast (9)
 C - a wand of digging (9)
 F - a wand of acid (34)
 K - a wand of disintegration (33)
 N - a wand of polymorph (46)
 U - a wand of flame (50)
 X - a wand of paralysis (38)
 Z - a wand of enslavement (26)
Scrolls
 a - 7 scrolls of amnesia
 f - 16 scrolls of teleportation
 g - a scroll of enchant armour
 h - 6 scrolls of fog
 v - 4 scrolls of fear
 z - 10 scrolls of identify
 M - a scroll of holy word
 Q - 30 scrolls of remove curse
 T - 5 scrolls of magic mapping
Potions
 c - 6 potions of brilliance
 d - a potion of resistance
 i - 12 potions of curing
 j - 6 potions of lignification
 l - 5 potions of heal wounds
 r - 4 potions of haste
 s - 8 potions of flight
 B - 2 potions of magic
 H - 2 potions of might
 L - 4 potions of ambrosia
 O - 4 potions of mutation
 S - 2 potions of invisibility


   Skills:
 - Level 20.0 Fighting
 - Level 4.0 Short Blades
 - Level 13.8(14.0) Polearms
 - Level 3.6(9.9) Staves
 - Level 6.0 Throwing
 + Level 15.9 Armour
 - Level 10.0 Dodging
 - Level 2.0 Stealth
 - Level 25.0 Shields
 * Level 17.2 Invocations
 - Level 12.0 Evocations


You had 21 spell levels left.
You didn't know any spells.
Your spell library contained the following spells:

 Spells                   Type           Power        Failure   Level
 Animate Skeleton         Necr           0%           100%        1
 Apportation              Tloc           0%           100%        1
 Corona                   Hex            0%           100%        1
 Magic Dart               Conj           0%           100%        1
 Summon Small Mammal      Summ           0%           100%        1
 Blink                    Tloc           N/A          100%        2
 Call Imp                 Summ           0%           100%        2
 Ensorcelled Hibernation  Hex/Ice        0%           100%        2
 Poisonous Vapours        Pois/Air       0%           100%        2
 Slow                     Hex            0%           100%        2
 Call Canine Familiar     Summ           0%           100%        3
 Confusing Touch          Hex            0%           100%        3
 Conjure Flame            Conj/Fire      0%           100%        3
 Dazzling Flash           Conj/Hex       0%           100%        3
 Inner Flame              Hex/Fire       0%           100%        3
 Mephitic Cloud           Conj/Pois/Air  0%           100%        3
 Portal Projectile        Hex/Tloc       0%           100%        3
 Summon Guardian Golem    Hex/Summ       0%           100%        3
 Tukima's Dance           Hex            0%           100%        3
 Cause Fear               Hex            0%           100%        4
 Leda's Liquefaction      Hex/Erth       0%           100%        4
 Summon Ice Beast         Ice/Summ       0%           100%        4
 Summon Lightning Spire   Summ/Air       0%           100%        4
 Eringya's Noxious Bog    Tmut/Pois      0%           100%        6
 Freezing Cloud           Conj/Ice/Air   0%           100%        6
 Hydra Form               Tmut           0%           100%        6


Dungeon Overview and Level Annotations

Branches:
Dungeon (15/15)            Temple (0/1) D:6            Lair (6/6) D:10
  Swamp (4/4) Lair:3       Spider (4/4) Lair:4        Slime (5/5) Lair:6
    Orc (2/2) D:12            Elf (0/3) Orc:2        Vaults (5/5) D:14
  Crypt (0/3) Vaults:3     Depths (0/5) D:15        Ossuary (visited)
  IceCv (visited)

Altars:
Ashenzari
Dithmenos
Elyvilon
Fedhas
Hepliaklqana
Nemelex Xobeh
Qazlal
Trog
Vehumet
Wu Jian
Xom
Yredelemnul
Zin
Jiyva

Shops:
D:5 *   D:8 =   D:12 =(*   D:15 }   Orc:2 }[(*[   Vaults:2 *   Vaults:4 (

Annotations:
D:3 1 runed translucent door, exclusion: downstairs
D:5 exclusion: 2 downstairs
D:6 1 runed translucent door, Crazy Yiuf
D:9 exclusion: downstairs
D:11 1 runed translucent door
Lair:3 exclusion: 2 downstairs
Lair:4 exclusion: oklob plant
Lair:5 3 runed translucent doors, Nebesus's ghost, journeyman DsGl
Spider:2 2 transporters, exclusion: orange crystal statue
Slime:5 Royal Jelly
Orc:1 exclusion: downstairs


Innate Abilities, Weirdness & Mutations

You reflexively headbutt those who attack you in melee.
You have a pair of horns on your head.
You are clumsy. (Dex -2)
Armour fits poorly on your strangely shaped body.
Your body sometimes deteriorates upon taking damage.
You are very frail. (-20% HP)
You are weak. (Str -2)
You expend magic power (3 MP) to strengthen your wands.


Message History

Okay, then.
As you read the scroll of teleportation, it crumbles to dust.
You feel strangely unstable. The acid blob spits acid at you.
The splash of acid hits you but does no damage.
You are splashed with acid.
You resist.
* * * LOW HITPOINT WARNING * * *
You block the acid blob's attack. x2
The acid blob spits acid at you. You block the splash of acid.
Your surroundings suddenly seem different.
You're standing next to a slime covered wall!
You are splashed with acid.
You resist.
* * * LOW HITPOINT WARNING * * *
You are splashed with acid.
You resist.
* * * LOW HITPOINT WARNING * * *
An acid blob is nearby!
The acid blob spits acid at you. The splash of acid hits you. You resist.
You die...

#....#.....## ##.#.###
##..........## #......###
#...........## ##......#.
##............##### #.........
##....#.......#.##.## #.........
#...............§○..###.........
##.............○..§.###...#.....#
#...#......^...§.○.###.#.##....##
...#............@.###....##...##
..........J...☼...# ##.........##
....#.............###...........#
........>...J......#.............
..........J........##............
..................##.##...#.....#
##JJ......................#.....#
#...J.......#.............^......
#..........................>.....


You could see 3 acid blobs.

Vanquished Creatures
  Dissolution (Slime:3)
  2 ancient liches (Vaults:4)
  6 tentacled monstrosities
  Jorgrun (D:12)
  2 titans (Vaults:4)
  Asterion (Vaults:1)
  2 sphinxes
  10 acid blobs
  An ancient champion (Vaults:3)
  2 shadow dragons (Vaults:4)
  Kirke (D:14)
  2 storm dragons (Vaults:4)
  Donald (Lair:4)
  5 tengu reavers
  3 thorn hunters
  8 azure jellies
  A fenstrider witch (Swamp:3)
  4 ghost moths
  3 fire giants
  14 vault wardens
  A frost giant (Vaults:4)
  6 emperor scorpions
  3 very ugly things
  13 ironheart preservers
  8 stone giants
  2 deep elf demonologists
  2 deep elf annihilators (Vaults:3)
  Azrael (D:14)
  5 entropy weavers
  3 spark wasps
  A bunyip (Swamp:1)
  A dire elephant (D:15)
  An eidolon (Vaults:3)
  3 ettins
  3 deep elf death magi
  Snorg (D:10)
  4 eleionomae
  A death ooze (Slime:2)
  Erolcha (D:12)
  2 fire dragons
  5 yaktaur captains
  A deep elf high priest (Vaults:5)
  10 ogre magi
  An ice dragon (shapeshifter) (Vaults:4)
  2 shambling mangroves (Swamp:3)
  2 great orbs of eyes
  Fannar (D:12)
  34 vault guards
  10 boulder beetles
  An ice dragon (Vaults:1)
  23 hydras
  4 ghost crabs
  4 rakshasas
  5 death yaks
  11 alligators
  28 two-headed ogres
  9 centaur warriors
  An anaconda (shapeshifter) (Vaults:4)
  2 death knights
  A queen ant (Spider:3)
  4 deep troll shamans
  An orc high priest (Orc:2)
  3 deep elf knights
  8 skeletal warriors
  4 goliath frogs
  A swamp dragon (shapeshifter) (Vaults:5)
  13 deep trolls
  13 swamp dragons
  3 bog bodies (Swamp:3)
  10 unseen horrors
  5 spriggan druids
  3 deep elf archers
  8 ironbrand convokers
  2 flayed ghosts
  17 orc knights
  3 wizards
  4 phantasmal warriors
  A necromancer (D:14)
  4 lindwurms
  33 wolf spiders
  10 harpies
  34 ugly things
  A wolf spider (shapeshifter) (Vaults:5)
  3 orc sorcerers
  17 orb spiders
  6 shining eyes
  9 deep elf magi
  2 oklob plants (Lair:3)
  93 slime creatures
  7 cyclopes
  6 will-o-the-wisps
  3 manticores
  A moth of wrath (Spider:1)
  5 ice statues (IceCv)
  13 black mambas
  10 elephants
  A guardian serpent (Lair:6)
  An eye of devastation (Slime:1)
  Psyche (D:8)
  18 cane toads
  14 vault sentinels
  3 gargoyles
  3 kobold demonologists
  7 freezing wraiths
  3 torpor snails
  6 komodo dragons
  34 yaktaurs
  An efreet (D:14)
  7 rime drakes
  A golden dragon simulacrum (IceCv)
  An anaconda simulacrum (IceCv)
  17 demonic crawlers
  16 polar bears
  4 trolls
  10 tyrant leeches
  35 jumping spiders
  27 hornets
  2 raiju (Lair:6)
  Grinder (D:6)
  14 dream sheep (Lair:6)
  A meliai zombie (D:15)
  A fire giant simulacrum (Vaults:1)
  15 blink frogs
  A centaur simulacrum (D:14)
  117 redbacks
  3 shadows
  16 spriggans
  31 tarantellas
  41 yaks
  A vampire (D:15)
  10 wyverns
  6 wraiths
  4 hogs
  5 golden eyes (Slime:1)
  A golden eye (shapeshifter) (Vaults:1)
  A fire elemental (D:14)
  3 vampire mosquitoes (D:15)
  4 basilisks
  12 wargs
  3 harpy simulacra (IceCv)
  An acid dragon (D:12)
  20 swamp worms
  8 soldier ants
  An iron troll simulacrum (IceCv)
  A hydra simulacrum (IceCv)
  20 hell hounds
  17 water moccasins
  7 swamp drakes
  5 eyes of draining
  21 black bears
  A black bear (shapeshifter) (Vaults:1)
  57 orc warriors
  A phantom (D:10)
  3 sky beasts
  An eye of draining (shapeshifter) (Vaults:4)
  5 boggarts (Vaults:1)
  2 ettin simulacra (IceCv)
  11 ice beasts
  40 wolves
  27 centaurs
  37 ogres
  A boggart (shapeshifter) (Vaults:4)
  A big kobold (shapeshifter) (Vaults:2)
  3 big kobolds
  Blork the orc (D:6)
  3 gnoll sergeants
  A wyvern zombie (D:13)
  21 bullfrogs
  A jelly (D:11)
  3 scorpions
  11 killer bees
  7 howler monkeys
  19 wights
  4 electric eels
  A bullfrog zombie (D:6)
  A quasit (D:11)
  7 hounds
  21 orc priests
  11 centaur zombies
  5 centaur skeletons
  39 orc wizards
  2 bullfrog skeletons
  2 iguanas
  28 worker ants
  2 big kobold zombies (Ossuary)
  2 hound zombies (D:6)
  3 hound skeletons
  6 mummies (Ossuary)
  20 gnolls
  A howler monkey skeleton (D:9)
  15 adders
  2 river rats (D:3)
  5 shadow imps
  2 white imps
  An ooze (D:4)
  An adder skeleton (D:6)
  6 worms
  4 dart slugs
  5 leopard geckos
  137 orcs
  3 ball pythons
  7 giant cockroaches
  11 goblins
  10 hobgoblins
  21 jackals
  4 quokkas
  8 bats
  6 frilled lizards
  A hobgoblin zombie (Ossuary)
  A jackal skeleton (D:7)
  27 kobolds
  4 rats
  2 rat zombies (D:5)
1946 creatures vanquished.

Vanquished Creatures (collateral kills)
  An acid blob (Slime:5)
  A death yak (Lair:4)
  An elephant (Lair:6)
  2 cane toads (Lair:6)
  A komodo dragon (Lair:6)
  A hornet (Lair:6)
  2 blink frogs (Lair:6)
  2 wyverns (Lair:6)
  3 water moccasins (Lair:6)
14 creatures vanquished.

Vanquished Creatures (others)
  Nikola (Lair:3)
  A stone giant (Vaults:5)
  2 goliath frogs (Swamp:4)
  2 swamp dragons
  2 bloated husks
  3 hornets
  5 spriggans
  A swamp worm (Swamp:4)
  An adder (D:12)
  26 foxfires
  48 fungi
  101 plants
193 creatures vanquished.

Grand Total: 2153 creatures vanquished

Notes
Turn   | Place    | Note
-------+----------+-------------------------------------------
     0 | D:1      | RoadToAsh the Minotaur Wanderer began the quest for the
                  | Orb.
     0 | D:1      | RoadToAsh set off with the following items: a +0 falchion,
                  | a +0 kite shield, a +0 quarterstaff, a +0 robe, a +0 dagger
     0 | D:1      | Reached XP level 1. HP: 18/18 MP: 0/0
     3 | D:1      | Noticed an electric eel
     4 | D:1      | Noticed an electric eel
   314 | D:1      | Reached XP level 2. HP: 26/26 MP: 1/1
  1298 | D:2      | Reached XP level 3. HP: 33/33 MP: 2/2
  1325 | D:2      | Reached skill level 1 in Armour
  1539 | D:2      | Reached skill level 2 in Shields
  1627 | D:2      | Reached XP level 4. HP: 39/40 MP: 3/3
  2270 | D:3      | Reached skill level 3 in Shields
  2340 | D:3      | Reached skill level 4 in Shields
  2340 | D:3      | Reached skill level 1 in Short Blades
  2340 | D:3      | Reached XP level 5. HP: 36/46 MP: 4/4
  2922 | D:3      | Found a glowing drain.
  3145 | D:3      | Found a glowing silver altar of Zin.
  3146 | D:3      | Found a runed translucent door.
  3146 | D:3      | Noticed an angel
  3994 | D:4      | Noticed an ogre
  4008 | D:4      | Killed an ogre
  4009 | D:4      | Reached XP level 6. HP: 52/52 MP: 5/5
  4135 | D:4      | Reached skill level 5 in Shields
  4194 | D:4      | Found a shimmering altar of Xom.
  4388 | D:4      | Reached skill level 6 in Shields
  4403 | D:4      | Reached XP level 7. HP: 58/59 MP: 6/6
  4792 | D:5      | Entered Level 5 of the Dungeon
  4946 | D:5      | Reached skill level 7 in Shields
  4953 | D:5      | Found Gasai's Assorted Antiques.
  4964 | D:5      | Bought a scroll labelled TUARALO AMYDGH for 27 gold pieces
  5268 | D:5      | Reached skill level 8 in Shields
  5298 | D:5      | Found a sand-covered staircase.
  5313 | Ossuary  | Entered an ossuary
  5324 | Ossuary  | Reached skill level 1 in Throwing
  5499 | Ossuary  | Reached XP level 8. HP: 60/66 MP: 7/7
  6049 | D:5      | Reached skill level 5 in Fighting
  6061 | D:5      | Found a stormy altar of Qazlal.
  6083 | D:5      | Became a worshipper of Qazlal Stormbringer
  6279 | D:6      | Noticed Blork the orc
  6639 | D:6      | Killed Blork the orc
  7211 | D:6      | Reached XP level 9. HP: 81/81 MP: 8/8
  7213 | D:6      | Found a staircase to the Ecumenical Temple.
  7226 | D:6      | Reached skill level 5 in Throwing
  7334 | D:6      | Found a basalt altar of Yredelemnul.
  7338 | D:6      | Noticed Grinder
  7339 | D:6      | Paralysed by Grinder for 5 turns
  7353 | D:6      | Killed Grinder
  7551 | D:6      | Reached * piety under Qazlal
  8113 | D:6      | Found a hazy altar of Hepliaklqana.
  8245 | D:6      | Found a runed translucent door.
  8246 | D:6      | Noticed Crazy Yiuf
  8988 | D:7      | Found a basalt altar of Yredelemnul.
  9027 | D:7      | Reached skill level 10 in Fighting
  9162 | D:6      | Reached ** piety under Qazlal
  9170 | D:6      | HP: 2/84 [orc warrior/+1 vorpal trident (4)]
  9192 | D:6      | Reached skill level 5 in Armour
  9657 | D:7      | Found a white marble altar of Elyvilon.
 10002 | D:7      | Paralysed by a hornet for 2 turns
 10011 | D:7      | Reached XP level 10. HP: 61/93 MP: 9/9
 10880 | D:8      | Found an ornate altar of the Wu Jian Council.
 10909 | D:8      | Found a blossoming altar of Fedhas.
 10916 | D:8      | Found a radiant altar of Vehumet.
 10916 | D:8      | Found a sparkling altar of Nemelex Xobeh.
 11041 | D:8      | Noticed Psyche
 11050 | D:8      | Killed Psyche
 11373 | D:8      | Found a broken altar of Ashenzari.
 11463 | D:8      | Reached *** piety under Qazlal
 11465 | D:8      | Reached skill level 5 in Polearms
 12075 | D:8      | Found Jiazaase's Jewellery Boutique.
 12695 | D:9      | Reached skill level 1 in Invocations
 13336 | D:10     | Entered Level 10 of the Dungeon
 13549 | D:9      | Reached skill level 5 in Invocations
 13569 | D:10     | Reached **** piety under Qazlal
 13767 | D:10     | Reached XP level 11. HP: 92/99 MP: 14/14
 14211 | D:10     | Found a staircase to the Lair.
 14244 | D:10     | Noticed Snorg
 14264 | D:10     | Killed Snorg
 14522 | D:10     | Reached skill level 9 in Shields
 15094 | D:11     | Noticed a two-headed ogre
 15100 | D:11     | Killed a two-headed ogre
 15204 | Lair:1   | Entered Level 1 of the Lair of Beasts
 15249 | Lair:1   | Reached skill level 10 in Shields
 15870 | D:10     | Reached skill level 11 in Shields
 16029 | Lair:1   | Reached skill level 12 in Shields
 16598 | Lair:1   | Reached ***** piety under Qazlal
 16603 | Lair:1   | Reached XP level 12. HP: 75/106 MP: 17/17
 18001 | Lair:2   | Reached skill level 10 in Invocations
 18194 | Lair:2   | Noticed a seven-headed hydra
 18215 | Lair:2   | Killed a seven-headed hydra
 18216 | Lair:2   | Reached skill level 5 in Dodging
 19308 | Lair:3   | Noticed an eight-headed hydra
 19319 | Lair:2   | Killed an eight-headed hydra
 19652 | Lair:3   | Noticed an eight-headed hydra
 19664 | Lair:3   | Killed an eight-headed hydra
 19958 | Lair:3   | Noticed an eight-headed hydra
 19972 | Lair:3   | Killed an eight-headed hydra
 20035 | Lair:3   | Noticed a four-headed hydra
 20042 | Lair:3   | Killed a four-headed hydra
 20043 | Lair:3   | Reached skill level 10 in Dodging
 20277 | Lair:3   | Found a shadowy altar of Dithmenos.
 20561 | Lair:3   | Reached XP level 13. HP: 113/113 MP: 19/19
 20851 | Lair:3   | Got a slimy trident
 20852 | Lair:3   | Identified the +5 trident of Woe {vorpal, rC+} (You found
                  | it on level 3 of the Lair of Beasts)
 20893 | Lair:3   | Found a staircase to the Swamp.
 22005 | Lair:3   | Reached skill level 13 in Shields
 22092 | Lair:4   | Identified a scroll of acquirement
 22092 | Lair:4   | Acquired the +4 pair of boots of Springtime {Dex+4}
 22133 | Lair:4   | Found a hole to the Spider Nest.
 22177 | Lair:4   | Reached skill level 5 in Evocations
 23449 | Lair:5   | Noticed a minotaur
 23451 | Lair:5   | Noticed Nebesus's ghost (journeyman DsGl)
 24218 | Lair:5   | You fall into a shaft and drop 1 floor!
 24218 | Lair:6   | Entered Level 6 of the Lair of Beasts
 24236 | Lair:6   | Reached skill level 14 in Shields
 24702 | Lair:5   | Found a runed translucent gate.
 24703 | Lair:5   | Found a runed translucent gate.
 24705 | Lair:5   | Found a runed translucent gate.
 24866 | Lair:5   | Reached skill level 15 in Shields
 24879 | Lair:5   | Reached XP level 14. HP: 121/121 MP: 20/20
 25126 | Lair:6   | Found a staircase to the Slime Pits.
 25126 | Lair:6   | Found a viscous altar of Jiyva.
 25753 | Lair:6   | Reached skill level 16 in Shields
 26601 | Lair:6   | Reached skill level 10 in Polearms
 27375 | Lair:6   | Reached ****** piety under Qazlal
 28344 | D:12     | Noticed Erolcha
 28360 | D:12     | Killed Erolcha
 28448 | D:12     | Found Osseum's Assorted Antiques.
 28480 | D:12     | Found Cuky's Antique Weapon Shop.
 28727 | D:12     | Found a staircase to the Orcish Mines.
 28736 | D:12     | Noticed Fannar
 28774 | D:12     | Killed Fannar
 29230 | D:11     | Reached XP level 15. HP: 126/126 MP: 21/21
 29327 | D:11     | Found a runed translucent door.
 29567 | D:12     | Noticed Jorgrun
 29583 | D:12     | Killed Jorgrun
 29770 | D:12     | Found Adghykini's Jewellery Shop.
 29966 | Orc:1    | Entered Level 1 of the Orcish Mines
 30460 | Orc:2    | Entered Level 2 of the Orcish Mines
 31636 | Orc:2    | Found Uqoy's Gadget Shop.
 31852 | Orc:2    | Found a staircase to the Elven Halls.
 31925 | Orc:2    | Found Irasuherch's General Store.
 31925 | Orc:2    | Found Ilidoesa's Antique Weapon Shop.
 31927 | Orc:2    | Found Qoetwas's Antique Armour Boutique.
 31929 | Orc:2    | Found Iczad Upib's Antique Armour Emporium.
 32332 | D:13     | Noticed Kirke
 33041 | D:13     | Identified Cyxkobrag's Collected Works on Unstable
                  | Weightlessness
 33941 | D:14     | Found a bloodstained altar of Trog.
 34327 | D:12     | Bought the ring "Qopsyqot" {rPois Dex+5} for 487 gold
                  | pieces
 34480 | Spider:1 | Entered Level 1 of the Spider Nest
 34500 | Spider:1 | Noticed Donald
 34521 | Lair:4   | Killed Donald
 34778 | Spider:1 | Reached skill level 10 in Armour
 35799 | Spider:2 | Reached XP level 16. HP: 130/146 MP: 23/23
 36374 | Spider:2 | You fall into a shaft and drop 1 floor!
 36541 | Spider:3 | Reached skill level 10 in Evocations
 37127 | Spider:3 | Found a frozen archway.
 37136 | IceCv    | Entered an ice cave
 37812 | Spider:2 | Found a transporter.
 37815 | Spider:2 | Found the +8 arc blade {discharge, rElec}
 37902 | Spider:2 | Found a transporter.
 39030 | Spider:4 | Entered Level 4 of the Spider Nest
 39769 | Spider:4 | Reached XP level 17. HP: 104/152 MP: 25/25
 40169 | Spider:4 | Reached skill level 17 in Shields
 41209 | Spider:4 | Reached skill level 18 in Shields
 42482 | Spider:4 | Reached skill level 19 in Shields
 42527 | Spider:4 | Got a gossamer rune of Zot
 42704 | Swamp:1  | Entered Level 1 of the Swamp
 42881 | Swamp:1  | Noticed Nikola
 42900 | Lair:3   | Killed Nikola
 43176 | Swamp:1  | You fall into a shaft and drop 1 floor!
 43581 | Swamp:1  | Reached skill level 20 in Shields
 44445 | Swamp:3  | Reached XP level 18. HP: 124/160 MP: 26/26
 44838 | Swamp:3  | Paralysed by a fenstrider witch for 6 turns
 44869 | Swamp:3  | Reached skill level 21 in Shields
 45774 | Swamp:4  | Entered Level 4 of the Swamp
 46652 | Swamp:3  | Reached skill level 22 in Shields
 47706 | Swamp:4  | Got a decaying rune of Zot
 48851 | D:14     | Noticed Azrael
 48879 | D:14     | Killed Azrael
 48956 | D:14     | Killed Kirke
 48957 | D:14     | Reached skill level 23 in Shields
 49354 | D:14     | Found a gate to the Vaults.
 49721 | D:15     | Entered Level 15 of the Dungeon
 49813 | D:15     | Reached XP level 19. HP: 146/167 MP: 27/27
 50509 | D:15     | Found Ugraowkupi's Gadget Shop.
 50689 | D:15     | Found a staircase to the Depths.
 50925 | Vaults:1 | Entered Level 1 of the Vaults
 50960 | Vaults:1 | Noticed Asterion
 50982 | Vaults:1 | Killed Asterion
 50983 | Vaults:1 | Reached skill level 24 in Shields
 51929 | Vaults:1 | Reached skill level 25 in Shields
 52728 | Vaults:1 | Reached skill level 15 in Fighting
 54055 | Vaults:2 | Found Ruotsiga's Assorted Antiques.
 54064 | Vaults:2 | Reached XP level 20. HP: 182/182 MP: 28/28
 55326 | Vaults:3 | Found a staircase to the Crypt.
 56948 | Vaults:4 | Identified the +2 pair of boots of Quiet Fog {MP+9 Int+5}
                  | (You found it on level 4 of the Vaults)
 57161 | Vaults:4 | Found Wetrer's Weapon Boutique.
 57828 | Vaults:5 | Entered Level 5 of the Vaults
 57846 | Vaults:5 | Reached XP level 21. HP: 164/201 MP: 9/29
 58706 | Vaults:5 | Noticed an ancient lich
 58729 | Vaults:5 | Noticed an ancient lich
 58748 | Vaults:4 | Killed an ancient lich
 58762 | Vaults:4 | Killed an ancient lich
 59066 | Vaults:5 | Reached skill level 15 in Invocations
 59815 | Slime:1  | Entered Level 1 of the Pits of Slime
 59841 | Slime:1  | Reached XP level 22. HP: 207/209 MP: 32/32
 59878 | Slime:1  | Gained mutation: Armour fits poorly on your strangely
                  | shaped body. [a shining eye]
 60364 | Slime:1  | Reached skill level 15 in Armour
 61570 | Slime:2  | Gained mutation: You expend magic power (3 MP) to
                  | strengthen your wands. [a shining eye]
 61575 | Slime:2  | Gained mutation: You are weak. (Str -2) [a shining eye]
 61577 | Slime:2  | Gained mutation: You are clumsy. (Dex -2) [a shining eye]
 61579 | Slime:2  | Gained mutation: You are frail. (-10% HP) [a shining eye]
 61585 | Slime:2  | Gained mutation: You are very frail. (-20% HP) [a shining
                  | eye]
 61786 | Slime:4  | Noticed Dissolution
 61807 | Slime:3  | Paralysed by a floating eye for 4 turns
 61814 | Slime:3  | Killed Dissolution
 62472 | Slime:5  | Entered Level 5 of the Pits of Slime
 62813 | Slime:5  | Gained mutation: Your body sometimes deteriorates upon
                  | taking damage. [a shining eye]
 62821 | Slime:5  | Noticed the Royal Jelly
 62843 | Slime:4  | HP: 3/167 [acid[the Royal Jelly] (7)]
 62844 | Slime:4  | HP: 1/167 [acid[the Royal Jelly] (6)]
 62853 | Slime:3  | HP: 7/167 [acid blob (9)]
 62853 | Slime:3  | HP: 2/167 [acid (5)]
 62860 | Slime:3  | HP: 4/167 [acid (5)]
 62864 | Slime:3  | Killed from afar by an acid blob

Illustrated notes

Levels and vault maps discovered:
D:1:      arrival_aquarium_b, layout_loops_corners, minmay_stone_trees_large
D:2:      minmay_alternating_diamond, layout_basic
D:3:      layout_basic, portal_sewer_entry_e, lemuel_angel_altar
D:4:      layout_cave_pools, xom_teletrap_fun
D:5:      layout_loops_cross, grunt_qazlal_sundering, serial_shops,
          nicolae_shop_overgrown_old_shop, enter_ossuary_4
D:6:      layout_loops_ring, nzn_hepliaklqana_mist_gate,
          minmay_temple_entry_glass, basic_altar, minmay_quadrilaterals,
          uniq_crazy_yiuf_cottage, uniq_blork_the_orc, uniq_grinder
D:7:      layout_gridville, kennysheep_ying_yang, minmay_crossroads
D:8:      layout_layer_cave, chequers_temple_overflow_statue_of_worship,
          ashenzari_conservatory_becter, serial_shops, shop,
          minmay_unpleasant_kobolds, uniq_psyche
D:9:      layout_roguey
D:10:     layout_gridville, erik_lair_orcish_takeover, uniq_snorg
D:11:     gammafunk_mikee_crab_dinner, layout_gridville
D:12:     layout_small_grid, orc_0_dummy, serial_shops,
          nicolae_shop_overgrown_old_shop, shop_statue, shop, uniq_jorgrun,
          uniq_fannar, uniq_erolcha
D:13:     layout_layer_cave, minmay_misc_feat_ornament,
          minmay_hollow_rounded_squares, uniq_kirke
D:14:     layout_layer_cave, erik_vaults_2, glass_columns_b,
          trog_ov_bears_minmay, uniq_azrael
D:15:     hangedman_depths_entry_try_elsewhere_first, layout_loops_ring,
          serial_shops, shop, chequers_serial_rivers_large_b,
          hangedman_abyss_or_decor_clamps
Lair:1:   layout_regular_city, beast_lair_carwin_7
Lair:2:   layout_chaotic_city, beast_lair_carwin_1
Lair:3:   layout_layer_cave, palyth_hydra_swamp_entry, basic_altar,
          serial_bayou_shore_a, infiniplex_staircase_pool,
          minmay_lair_oklob_chamber
Lair:4:   statuecave_lemuel, layout_small_grid, spider_nest_entry_webs,
          st_stairs_5, ldierk_geyser, minmay_lair_oklob_bushes
Lair:5:   layout_concentric_octagons, maelrawn_ghost_gauntlet_escape,
          st_stairs_12, hibernation_bobbens
Lair:6:   hangedman_lair_tendril_chambers, layout_concentric_octagons,
          hangedman_lair_caniforms_friends, slime_altar_1,
          minmay_lair_drake_nest
Swamp:1:  layout_basic_swamp, wheals_swamp_sinkhole, swamp_pool3, uniq_nikola
Swamp:2:  layout_basic_swamp, infiniplex_staircase_pool_2
Swamp:3:  layout_falls_marsh, nicolae_swamp_round_clearing
Swamp:4:  swamp_alternative, layout_basic_swamp, swamp_pool4,
          nicolae_swamp_spriggan_camp
Spider:1: layout_spider_delve, uniq_donald
Spider:2: gammafunk_sealed_arena, hive_lemuel
Spider:3: layout_chambers, portal_ice_cave_entry_ugly_swarm,
          minmay_another_anthill
Spider:4: spider_rune_water, hangedman_stitches_earthworm
Slime:1:  layout_caves, nicolae_slime_phagocytosis
Slime:2:  layout_caves
Slime:3:  layout_caves
Slime:4:  layout_caves, uniq_dissolution
Slime:5
Orc:1:    layout_caves
Orc:2:    st_orc_rangers, layout_caves, serial_shops, nicolae_shop_waterfront
Vaults:1: v_misc_19, v_rooms_5, nicolae_vaults_little_squares_3,
          nicolae_vaults_stairing_the_circle, v_pattern_3, st_more_cells,
          nicolae_vaults_what_the_h, nicolae_vaults_network_barrier,
          nicolae_vaults_border_crossing, vaults_dpeg_ring,
          ontoclasm_vaults_twist, v_misc_25, serial_ice_h,
          layout_vaults_omnicross, uniq_asterion
Vaults:2: v_pattern_4, v_misc_14, ontoclasm_vaults_hangar,
          vaults_mumra_chevron_long, hangedman_vaults_snaps,
          ontoclasm_vaults_ligature, ontoclasm_vaults_fault,
          layout_vaults_omnigrid, serial_shops, shop
Vaults:3: hangedman_vaults_locks, ontoclasm_vaults_pinch, v_misc_15,
          nicolae_vaults_network_square, grunt_vaults_twisty,
          minmay_crypt_entry_simple_corners, v_misc_9, nicolae_vaults_little_ls,
          ontoclasm_vaults_decontamination, nicolae_vaults_little_squares_2,
          layout_vaults_chaotic_city
Vaults:4: ontoclasm_vaults_shuriken, ontoclasm_vaults_misaligned, v_misc_17,
          grunt_vaults_hallway_long, v_alt_pattern_1, v_misc_25,
          dpeg_vaults_waves, nicolae_vaults_puzzle_piece, vaults_dpeg_hooks,
          layout_vaults_ring, serial_shops, nicolae_shop_window_shopping
Vaults:5

Skill      XL: |  1  2  3  4  5  6  7  8  9 10 11 12 13 14 15 16 17 18 19 20 21 22 |
---------------+-------------------------------------------------------------------+-----
Stealth        | 2 |  2.0
Fighting       | 3 4 8 10 14 16 20 | 20.0
Armour         | 2 4 7 8 10 12 14 15 | 15.9
Shields        | 2 4 6 8 12 15 16 20 23 25 | 25.0
Short Blades   | 1 4 |  4.0
Throwing       | 3 4 6 |  6.0
Polearms       | 7 13 | 13.8
Invocations    | 6 8 10 11 12 15 17 | 17.2
Dodging        | 10 | 10.0
Evocations     | 7 12 | 12.0
Staves         | |  3.6

Action                   |  1- 3 |  4- 6 |  7- 9 | 10-12 | 13-15 | 16-18 | 19-21 | 22-24 || total
-------------------------+-------+-------+-------+-------+-------+-------+-------+-------++-------
Melee: Falchion          |    52 |       |       |       |       |       |       |       ||    52
       Headbutt          |    18 |    23 |   110 |   127 |   442 |   746 |   584 |   139 ||  2189
       Dagger            |    48 |   169 |   549 |    39 |       |       |       |       ||   805
       Trident           |       |       |       |   731 |  1620 |  2209 |   183 |       ||  4743
       Demon trident     |       |       |       |       |       |       |  1254 |   364 ||  1618
Throw: Boomerang         |       |     6 |    14 |       |       |       |       |       ||    20
       Dart              |       |    14 |     4 |    18 |    14 |       |       |       ||    50
Invok: Upheaval          |       |       |     1 |       |     5 |     1 |     1 |       ||     8
       Elemental Force   |       |       |       |       |     5 |     1 |       |     3 ||     9
       Disaster Area     |       |       |       |       |     1 |     1 |    13 |       ||    15
Evoke: Wand              |       |       |     1 |     2 |     1 |     2 |       |       ||     6
  Use: Scroll            |       |     1 |     9 |     8 |    19 |    12 |    12 |     1 ||    62
       Potion            |       |       |     3 |     1 |     1 |     3 |     2 |     5 ||    15
 Stab: Sleeping          |       |     1 |       |       |       |       |       |       ||     1
       Distracted        |       |       |       |       |     2 |       |       |       ||     2
       Held in net/web   |       |       |       |       |       |     2 |       |       ||     2
Armor: Robe              |     4 |       |       |       |       |       |       |       ||     4
       Leather armour    |    19 |    19 |       |       |       |       |       |       ||    38
       Ring mail         |       |     7 |    50 |       |       |       |       |       ||    57
       Chain mail        |       |       |    82 |   227 |   439 |       |       |       ||   748
       Gold dragon scale |       |       |       |       |    19 |   873 |   446 |   170 ||  1508
Dodge: Dodged            |    40 |    58 |    97 |   156 |   623 |   659 |   344 |    93 ||  2070
       Repelled          |       |       |       |     6 |     9 |    18 |     7 |    12 ||    52
Block: Kite shield       |    36 |    60 |   330 |   705 |  1790 |  2497 |   660 |       ||  6078
       Tower shield      |       |       |       |       |       |       |   967 |   460 ||  1427
       Rpst.: Falchion   |     5 |       |       |       |       |       |       |       ||     5
